Map: Korhal Carnage Knockout LE

Players

Showtime - Winner!

  • Race: Protoss Protoss

Guru

  • Race: Zerg Zerg

Event: DreamHack Open Tours WCS Spring Championship

VOD

Have the link to the VOD?

Description

Time

  • Played on: May 15, 2016, 6:42 a.m.
  • Length: 9:37

All games in this series

Show
View Real Time Build Order
Export as new Build Order

Showtime Protoss - Winner!

Build Orders: 1 Gate Expand, Phoenix Opening 

Get SALT Encoding   

  12  0:00  Probe (Chrono Boost)  
  13  0:11  Probe (Chrono Boost)  
  14  0:17  Pylon  
  14  0:22  Probe (Chrono Boost)  
  15  0:35  Probe (Chrono Boost)  
  16  0:37  Gateway  
  16  0:44  Assimilator  
  16  0:47  Probe (Chrono Boost)  
  17  0:57  Probe (Chrono Boost)  
  18  1:08  Probe (Chrono Boost)  
  20  1:18  Probe (Chrono Boost)  
  20  1:25  Nexus  
  20  1:32  Cybernetics Core  
  20  1:36  Probe (Chrono Boost)  
  21  1:44  Assimilator  
  22  1:47  Probe (Chrono Boost)  
  22  1:52  Pylon  
  22  1:57  Probe (Chrono Boost)  
  23  2:10  Warp Gate, Probe (Chrono Boost), Adept (Chrono Boost)  
  26  2:22  Probe  
  27  2:33  Stargate  
  27  2:34  Probe  
  27  2:35  Zealot (Chrono Boost), Probe  
  31  2:46  Probe  
  31  2:47  Mothership Core  
  34  2:58  Probe  
  37  3:06  Adept (Chrono Boost)  
  37  3:07  Probe  
  37  3:10  Probe, Pylon  
  39  3:17  Probe  
  40  3:22  Probe  
  40  3:23  Phoenix (Chrono Boost)  
  41  3:28  Probe  
  41  3:32  Gateway  
  41  3:34  Assimilator  
  42  3:35  Probe  
  42  3:38  Probe, Assimilator  
  44  3:47  Probe, Pylon, Phoenix (Chrono Boost)  
  47  3:49  Probe  
  48  3:59  Probe x2  
  50  4:03  Twilight Council  
  50  4:08  Phoenix (Chrono Boost)  
  52  4:10  Probe  
  52  4:11  Probe  
  54  4:19  Robotics Facility  
  54  4:20  Probe  
  54  4:23  Probe  
  56  4:30  Phoenix (Chrono Boost), Resonating Glaives (Chrono Boost)  
  58  4:35  Pylon  
  58  4:44  Nexus  
  58  4:57  Gateway x2  
  58  4:59  Gateway  
  58  5:06  Gateway  
  58  5:11  Warp Prism (Chrono Boost)  
  60  5:16  Adept  
  60  5:17  Adept  
  64  5:21  Pylon  
  64  5:26  Phoenix  
  66  5:33  Probe  
  67  5:35  Pylon  
  67  5:41  Adept  
  67  5:42  Probe  
  70  5:45  Pylon  
  70  5:51  Phoenix (Chrono Boost)  
  72  6:00  Probe  
  73  6:04  Adept  
  73  6:05  Adept x5  
  85  6:15  Phoenix (Chrono Boost)  
  87  6:19  Pylon  
  87  6:29  Adept x4  
  87  6:30  Adept  
  87  6:32  Adept  
  99  6:39  Phoenix (Chrono Boost)  
  101  6:51  Adept  
  101  6:52  Adept x4  
  107  6:56  Adept  
  95  7:01  Phoenix (Chrono Boost)  
  69  7:16  Probe  
  69  7:17  Probe  
  69  7:18  Probe  
  69  7:22  Adept x4  
  78  7:23  Adept x2  
  78  7:27  Probe  
  78  7:29  Phoenix (Chrono Boost)  
  85  7:40  Pylon  
  85  7:43  Pylon  
  85  7:46  Adept x3  
  85  7:47  Adept x2  
  95  7:53  Probe  
  95  7:55  Probe x2  
  98  8:06  Adept  
  98  8:07  Adept x5  
  98  8:10  Probe x2  
  104  8:19  Probe, Phoenix (Chrono Boost)  
  102  8:22  Probe  
  104  8:29  Adept x4  
  112  8:34  Adept x2  
  112  8:41  Phoenix (Chrono Boost)  
  118  8:44  Assimilator x2  
  118  8:55  Adept x3  
  124  8:58  Pylon  
  124  9:03  Pylon  
  124  9:23  Adept x3  
  124  9:24  Adept x3  
Show
View Real Time Build Order
Export as new Build Order

Guru Zerg 

Build Orders: Hatch First 

Get SALT Encoding   

  12  0:01  Drone  
  13  0:12  Overlord  
  13  0:18  Drone  
  14  0:31  Drone x2  
  14  0:35  Drone  
  17  0:51  Hatchery  
  17  0:54  Drone  
  17  1:07  Spawning Pool  
  17  1:09  Extractor  
  15  1:12  Drone  
  15  1:15  Drone  
  17  1:20  Drone  
  18  1:28  Drone  
  19  1:42  Overlord  
  19  1:53  Queen  
  21  1:54  Zergling x2  
  22  2:01  Drone  
  22  2:02  Queen  
  22  2:03  Drone  
  26  2:10  Metabolic Boost  
  26  2:13  Drone  
  27  2:18  Drone  
  28  2:29  Hatchery  
  27  2:34  Drone x2  
  27  2:35  Drone  
  30  2:38  Drone  
  30  2:43  Zergling x2  
  32  2:49  Overlord  
  32  2:56  Queen, Zergling x2  
  34  3:07  Drone  
  34  3:09  Drone x2  
  34  3:10  Drone  
  34  3:11  Drone  
  39  3:16  Spore Crawler  
  39  3:18  Drone  
  39  3:21  Spore Crawler  
  39  3:25  Overlord  
  40  3:28  Drone x3  
  40  3:31  Overlord  
  43  3:37  Overlord  
  43  3:40  Queen  
  45  3:41  Overlord  
  45  3:45  Drone x4  
  49  3:49  Drone  
  49  3:52  Drone  
  49  3:54  Drone  
  52  3:59  Drone  
  52  4:00  Drone x3  
  56  4:03  Lair  
  56  4:07  Drone x2  
  58  4:12  Drone  
  59  4:17  Queen x2  
  59  4:18  Overlord  
  59  4:20  Extractor, Drone  
  59  4:21  Drone  
  59  4:22  Drone  
  59  4:23  Drone  
  66  4:25  Drone  
  66  4:28  Evolution Chamber  
  66  4:31  Overlord  
  66  4:34  Overlord  
  66  4:38  Drone  
  67  4:42  Drone  
  67  4:43  Drone x2, Extractor  
  67  4:44  Drone  
  70  4:48  Spore Crawler  
  70  4:49  Drone x2  
  70  4:50  Drone  
  70  4:52  Drone  
  70  4:55  Drone x2, Extractor  
  70  4:56  Drone x3  
  70  4:59  Zerg Missile Weapons Level 1  
  73  5:05  Drone x2, Hydralisk Den  
  73  5:06  Extractor  
  73  5:07  Drone x3  
  73  5:12  Drone  
  77  5:16  Drone  
  77  5:20  Spore Crawler  
  77  5:21  Drone  
  78  5:23  Drone  
  78  5:29  Drone  
  78  5:30  Drone  
  78  5:33  Drone x2  
  78  5:35  Drone  
  82  5:43  Hydralisk x3  
  82  5:45  Muscular Augments  
  82  5:47  Hatchery  
  82  5:48  Hydralisk  
  89  5:51  Extractor  
  89  5:54  Hatchery  
  87  6:01  Overlord  
  87  6:02  Overlord  
  87  6:04  Overlord  
  87  6:07  Overlord  
  87  6:10  Overlord  
  87  6:12  Overlord  
  87  6:16  Overlord  
  84  6:19  Overlord  
  84  6:20  Drone  
  84  6:21  Drone x2  
  84  6:22  Drone  
  88  6:26  Hydralisk x2  
  88  6:27  Hydralisk x7  
  88  6:28  Hydralisk  
  88  6:31  Hydralisk  
  110  6:33  Hydralisk  
  110  6:36  Hydralisk x2  
  116  6:45  Hydralisk x3  
  116  6:48  Hydralisk  
  116  6:49  Hydralisk  
  116  6:51  Zergling x2  
  113  6:55  Hydralisk  
  113  7:00  Hydralisk  
  89  7:03  Hydralisk  
  89  7:05  Zergling x4  
  66  7:10  Drone x2  
  61  7:16  Drone x2  
  61  7:21  Drone  
  64  7:23  Drone  
  64  7:28  Drone x2  
  63  7:34  Drone x2  
  63  7:35  Drone x2  
  67  7:37  Drone  
  67  7:39  Drone  
  69  7:47  Zergling x2  
  69  7:48  Zergling x6  
  69  7:50  Zergling x2  
  70  7:55  Drone  
  70  7:56  Zergling x4  
  73  8:03  Zergling x10  
  73  8:05  Zergling x4  
  68  8:14  Drone  
  68  8:15  Drone x7  
  68  8:19  Drone  
  70  8:20  Drone  
  70  8:21  Drone x2  
  70  8:23  Drone  
  73  8:27  Drone x3  
  73  8:31  Drone  
  73  8:32  Drone  
  73  8:34  Drone  
  77  8:47  Hydralisk  
  79  8:50  Hydralisk  
  79  8:51  Hydralisk  
  79  8:52  Hydralisk x2  
  79  8:53  Hydralisk x2  
  78  8:57  Zergling x6  
  78  9:00  Hydralisk  
  78  9:02  Zergling x2  
  76  9:04  Hydralisk  
  76  9:08  Zergling x4  
  78  9:11  Zergling x2  
  78  9:12  Zergling x2  
  78  9:14  Zergling x2  
  78  9:16  Drone  
  80  9:18  Drone  
  80  9:19  Drone  

Tags
 
Add a new tag
Caveats
  • Supply blocks, unpowered buildings, or Contaminate may cause inaccurate times.
  • Supply counts are checked every 10 seconds.